 Dungeon Crawl Stone Soup version 0.24-a0-525-g9231cdc (webtiles) character file.

Game seed: 6720071560763782523

63 Svalin the Chopper (level 3, -6/31 HPs)
             Began as a Minotaur Fighter on Aug 3, 2019.
             Mangled by Sigmund
             ... wielding a +1 vampiric scythe
              (7 damage)
             ... on level 2 of the Dungeon.
             The game lasted 00:03:45 (1115 turns).

Svalin the Chopper (Minotaur Fighter)               Turns: 1115, Time: 00:03:45

Health: -6/31      AC:  8    Str: 25    XL:     3   Next: 87%
Magic:  2/2        EV:  9    Int:  5    God:
Gold:   41         SH:  0    Dex: 13    Spells: 2/2 levels left

rFire    . . .     SeeInvis .   e - +3 whip
rCold    . . .     Gourm    .   (no shield)
rNeg     . . .     Faith    .   b - +0 scale mail
rPois    .         Spirit   .   k - +0 hat
rElec    .         Reflect  .   (no cloak)
rCorr    .         Harm     .   (no gloves)
MR       .....                  h - +0 pair of boots
Stlth    ..........             (no amulet)
HPRegen  0.10/turn              c - +3 ring of dexterity
MPRegen  0.08/turn              (no ring)

@: mighty
A: retaliatory headbutt, horns 2
a: no special abilities


You were on level 2 of the Dungeon.
You were not hungry.

You visited 1 branch of the dungeon, and saw 2 of its levels.

You collected 41 gold pieces.

Inventory:

Hand Weapons
 e - a +3 whip (weapon)
Armour
 b - a +0 scale mail (worn)
 h - a +0 pair of boots (worn)
 k - a +0 hat (worn)
Jewellery
 c - a +3 ring of dexterity (left hand)
Scrolls
 j - a scroll of remove curse {unknown}
Potions
 a - a potion of resistance {unknown}
 g - a potion of agility {unknown}
Comestibles
 f - 2 rations
 i - 6 chunks of flesh


   Skills:
 - Level 3.6 Fighting
   Level 4.1(4.5) Axes
 + Level 2.8(3.9) Maces & Flails
 - Level 3.6 Armour
   Level 3.6 Shields


You had 2 spell levels left.
You didn't know any spells.
Your spell library was empty.

Dungeon Overview and Level Annotations

Branches:
Dungeon (2/15)

Altars:

Annotations:
D:2 Sigmund


Innate Abilities, Weirdness & Mutations

You reflexively headbutt those who attack you in melee.
You have a pair of horns on your head.


Message History

Sigmund hits you but does no damage.
You completely miss Sigmund.
Sigmund is severely wounded.
Sigmund closely misses you. You furiously retaliate!
You headbutt Sigmund. You barely miss Sigmund. Your headbutt misses Sigmund.
Sigmund is severely wounded.
Sigmund casts a spell at you.
You are confused.
Sigmund drinks a potion.
Sigmund flickers and vanishes!
Deactivating autopickup; reactivate with Ctrl-A.
You feel very mighty all of a sudden. Something hits you but does no damage.
You bump into the rock wall.
You hear some strange, mumbled words.
A puff of flame appears from out of thin air!
The puff of flame hits you.
* * * LOW HITPOINT WARNING * * *
You feel less confused. Something hits you!
You die...

......... ##....$....
#.......... ####.##.......
#......$...... #
#.##l###...... #. ##.##.#
.....
.##.######..#..###......
.............@.........
##..........#####.###.#
##..............#>.....#
#....................##
#<....................#
#........÷............##
#........÷..............#####
.....................##.....#
##..................# #..<#


You could see a leopard gecko.

Vanquished Creatures
  3 adders (D:2)
  A dart slug (D:1)
  A bat (D:1)
  3 giant cockroaches (D:1)
  5 goblins
  3 hobgoblins (D:1)
  2 jackals (D:1)
  A quokka (D:2)
  A ball python (D:2)
  6 kobolds
  4 rats
30 creatures vanquished.

Notes
Turn   | Place    | Note
-------+----------+-------------------------------------------
     0 | D:1      | Svalin the Minotaur Fighter began the quest for the Orb.
     0 | D:1      | Reached XP level 1. HP: 19/19 MP: 0/0
    62 | D:1      | Reached skill level 3 in Axes
   107 | D:1      | Reached XP level 2. HP: 16/26 MP: 1/1
   345 | D:1      | Reached skill level 4 in Axes
   881 | D:2      | Reached skill level 1 in Maces & Flails
   881 | D:2      | Reached XP level 3. HP: 31/31 MP: 2/2
  1088 | D:2      | Noticed Sigmund
  1114 | D:2      | HP: 1/31 [something/puff of flame (4)]
  1115 | D:2      | Mangled by Sigmund

Levels and vault maps discovered:
D:1:      lemuel_arrival_room, layout_basic, roderic_roman_lattice
D:2:      layout_rooms, uniq_sigmund

Skill      XL: |  1  2  3 |
---------------+----------+-----
Axes           | 3 4 |  4.1
Maces & Flails | 1 2 |  2.8
Fighting       | |  3.6
Armour         | |  3.6
Shields        | |  3.6

Action                   || total
-------------------------++-------
Melee: War axe           ||    33
       Headbutt          ||     7
       Whip              ||    36
  Use: Scroll            ||     2
       Potion            ||     1
  Eat: Chunk             ||     1
Armor: Scale mail        ||    29
Dodge: Dodged            ||    35

Table legend:
 A = Non-vault XP
 B = Vault XP
 C = Vault XP percentage of total XP
 D = Non-vault monster count
 E = Vault monster count
 F = Vault count percentage of total count
                 A         B        C        D         E       F
            +---------+---------+-------+---------+---------+-------
      Total |      90 |       0 |   0.0 |      30 |       0 |   0.0
            +---------+---------+-------+---------+---------+-------
        D:1 |      40 |       0 |   0.0 |      21 |       0 |   0.0
        D:2 |      50 |       0 |   0.0 |       9 |       0 |   0.0
            +---------+---------+-------+---------+---------+-------
